 Dungeon Crawl Stone Soup version 0.26-a0-579-g3afe4966bf (webtiles) character file.

Game seed: 16053899474121739624

274 CovertPenguin the Insei (level 6, -1/47 HPs)
             Began as a Draconian Transmuter on Aug 23, 2020.
             Was an Initiate of Gozag.
             Slain by an ogre
             ... wielding a +0 giant club
              (24 damage)
             ... on level 5 of the Dungeon.
             The game lasted 00:05:02 (3921 turns).

CovertPenguin the Insei (Draconian Transmuter)      Turns: 3921, Time: 00:05:03

Health: -1/47      AC:  2    Str: 13    XL:     6   Next: 3%
Magic:  7/9        EV: 19    Int: 13    God:    Gozag
Gold:   230        SH:  0    Dex: 18    Spells: 3/9 levels left

rFire    x . .     SeeInvis .     - Unarmed
rCold    + . .     Faith    .   (shield currently unavailable)
rNeg     . . .     Spirit   .   (armour unavailable)
rPois    x         Reflect  .   (helmet currently unavailable)
rElec    .         Harm     .   (cloak currently unavailable)
rCorr    .                      (gloves currently unavailable)
MR       .....                  (boots currently unavailable)
Stlth    ++........             (no amulet)
HPRegen  0.15/turn              g - ring of ice
MPRegen  0.11/turn              (no ring)

@: spider-form (expiring)
A: tiny, unfitting armour, AC +6
a: End Transformation, Potion Petition, Call Merchant, Bribe Branch, Renounce
Religion


You were on level 5 of the Dungeon.
You worshipped Gozag.
Gozag was aware of your devotion.
You were a venomous arachnid creature.
You visited 1 branch of the dungeon, and saw 5 of its levels.

You collected 270 gold pieces.
You paid 40 gold pieces to Gozag.

Inventory:

Missiles
 a - 190 stones (quivered)
Jewellery
 g - a ring of ice (left front leg)
   (You found it on level 4 of the Dungeon)
Wands
 x - a wand of acid (8)
   (You found it on level 3 of the Dungeon)
Scrolls
 d - a scroll of remove curse {unknown}
 e - a scroll of identify {unknown}
 h - a scroll of amnesia {unknown}
 i - a scroll of enchant weapon {unknown}
Potions
 b - 3 potions of curing {unknown}
 c - a potion of lignification {unknown}
 f - 2 potions of degeneration {unknown}


   Skills:
 - Level 1.1 Fighting
 - Level 1.7 Dodging
 + Level 4.3 Unarmed Combat
 - Level 2.0 Spellcasting
 + Level 4.0 Transmutations
 * Level 3.4 Poison Magic


You had 3 spell levels left.
You knew the following spells:

 Your Spells              Type           Power        Failure   Level
a - Beastly Appendage     Tmut           ##....       14%         1
b - Wereblood             Tmut           ##......     21%         2
x - Spider Form           Tmut/Pois      ##........   34%         3

Your spell library contained the following spells:

 Spells                   Type           Power        Failure   Level
 Animate Skeleton         Necr           #.....       47%         1
 Apportation              Tloc           #.....       47%         1
 Corona                   Hex            #......      47%         1
 Summon Small Mammal      Summ           #...         47%         1
 Ice Form                 Ice/Tmut       #.......     88%         4
 Blade Hands              Tmut           ##........   92%         5


Dungeon Overview and Level Annotations

Branches:
Dungeon (5/15)
 Temple: D:4-7

Altars:
Gozag

Annotations:
D:3 1 runed translucent door, Turtleman12345's ghost, amateur SpEn


Innate Abilities, Weirdness & Mutations

((Your plain brown scales are hard. (AC +6)))
You cannot fit into any form of body armour.
((You are cold-blooded and may be slowed by cold attacks.))


Message History

There is a stone staircase leading down here.
You hit the worker ant but do no damage.
The worker ant barely misses you.
You grow a pair of large bovine horns.
Your feet morph into talons.
The worker ant bites you but does no damage.
You hit the worker ant but do no damage.
You claw the worker ant, but do no damage.
The worker ant barely misses you. The worker ant bites you.
* * * LOW HITPOINT WARNING * * *
You hit the worker ant.
You headbutt the worker ant, but do no damage.
The worker ant closely misses you.
You hit the worker ant.
You claw the worker ant, but do no damage.
The worker ant bites you.
* * * LOW HITPOINT WARNING * * *
You hit the worker ant. You claw the worker ant.
Your headbutt misses the worker ant.
The worker ant bites you but does no damage.
You hit the worker ant. You tail-slap the worker ant.
You kill the worker ant!
You have reached level 6!
Your experience leads to an increase in your attributes!
Increase (S)trength, (I)ntelligence, or (D)exterity?
You feel agile.
Your scales feel tougher.
You now have 230 gold pieces (gained 7).
There is a stone staircase leading down here.
Your transformation is almost over.
You start resting.
Your horns disappear.
Your talons disappear.
You start resting.
You turn into a venomous arachnid creature.
You climb downwards.
The ogre hits you with a +0 giant club!!
Ouch! That really hurt!
* * * LOW HITPOINT WARNING * * *
The ogre completely misses you.
There is a stone staircase leading up here.
You hit the ogre.
The ogre is poisoned.
You completely miss the ogre. The ogre misses you.
You hit the ogre. The ogre closely misses you.
You hit the ogre.
The ogre looks as sick as possible!
You hit the ogre.
The ogre looks as sick as possible!
The ogre barely misses you.
You hit the ogre.
Your transformation is almost over.
The ogre hits you with a +0 giant club!!
Ouch! That really hurt!
You die...
Your body crumbles into a pile of gold.

#.#.# #. #...# .. #.#$#
##. ### #...# #.. ..#
.#.#.# #.. #.# #.#...#
#..###.###.#.####
#.O.....##.#.#..#
#..s....##.#....#
#..##...##.##.#.##
#...#....##.##....###
......................
###.......##.........##
##.##.####.......#.# ##
#. #.###.#.#.# #. #.#
#.#.#.# #. #.# #.#.#


You could see an ogre (extremely poisoned).

Vanquished Creatures
  A howler monkey (D:5)
  A bullfrog skeleton (D:5)
  2 orc wizards
  2 worker ants
  A worker ant zombie (D:5)
  2 adders
  3 worms
  2 dart slugs
  7 orcs
  2 giant cockroaches
  8 goblins
  5 hobgoblins
  7 jackals
  9 kobolds
  A quokka (D:4)
  4 bats (D:1)
  6 frilled lizards
  5 rats
68 creatures vanquished.

Notes
Turn   | Place    | Note
-------+----------+-------------------------------------------
     0 | D:1      | CovertPenguin the Draconian Transmuter began the quest for
                  | the Orb.
     0 | D:1      | Reached XP level 1. HP: 16/16 MP: 3/3
   115 | D:1      | Reached XP level 2. HP: 23/23 MP: 5/5
   252 | D:1      | Learned a level 2 spell: Wereblood
   761 | D:1      | Reached XP level 3. HP: 28/28 MP: 6/6
   766 | D:1      | Learned a level 3 spell: Spider Form
  1101 | D:2      | Reached skill level 1 in Poison Magic
  1487 | D:3      | Found a runed translucent door.
  1493 | D:3      | Noticed Turtleman12345's ghost (amateur SpEn)
  1537 | D:3      | Reached XP level 4. HP: 35/35 MP: 5/7
  1579 | D:3      | Found an opulent altar of Gozag.
  1664 | D:3      | Became a worshipper of Gozag Ym Sagoz the Greedy
  3426 | D:5      | Entered Level 5 of the Dungeon
  3456 | D:5      | Reached XP level 5. HP: 35/40 MP: 8/8
  3610 | D:5      | Noticed an ogre
  3642 | D:4      | Reached XP level 6. HP: 6/47 MP: 7/9
  3921 | D:5      | Slain by an ogre

Illustrated notes

Levels and vault maps discovered:
D:1:      heliophobic_arrival_henge, layout_loops_ring
D:2:      layout_basic
D:3:      layout_loops_corners, hellmonk_ghost_happy_afterlife,
          grunt_gozag_statues
D:4:      layout_cave_pods
D:5:      layout_loops_corners, hangedman_minor_gate_pass

Skill      XL: |  1  2  3  4  5 |
---------------+----------------+-----
Transmutations | 3 4 |  4.0
Poison Magic   | 1 2 3 |  3.4
Unarmed Combat | 4 |  4.3
Fighting       | |  1.1
Dodging        | |  1.7
Spellcasting   | |  2.0

Action                   |  1- 3 |  4- 6 || total
-------------------------+-------+-------++-------
Melee: Unarmed           |   107 |   114 ||   221
       Kick              |    17 |     6 ||    23
       Tailslap          |     7 |     8 ||    15
       Headbutt          |     3 |     2 ||     5
       Punch             |       |     1 ||     1
 Cast: Beastly Appendage |    14 |     4 ||    18
       Wereblood         |     2 |       ||     2
       Spider Form       |       |     4 ||     4
Armor: Skin              |    21 |    22 ||    43
Dodge: Dodged            |    70 |    63 ||   133

Table legend: (Time is in decaauts)
 A = Elapsed time spent in this place.
 B = Non-inter-level travel time spent in this place.
 C = Inter-level travel time spent in this place.
 D = Time resting spent in this place.
 E = Time spent auto-exploring this place.
 F = Levels seen in this place.
 G = Mean time per level.
                   A        B        C        D        E       F      G
               +--------+--------+--------+--------+--------+-----+--------+
         Total |   3906 |   3796 |    110 |    804 |   2421 |   5 |  781.2 |
       Dungeon |   3906 |   3796 |    110 |    804 |   2421 |   5 |  781.2 |
               +--------+--------+--------+--------+--------+-----+--------+

Top non-repeatable levels by time:
     D:4: 1185 daAuts
     D:3: 1016 daAuts
     D:1: 996 daAuts
     D:2: 499 daAuts
     D:5: 210 daAuts
